 Dungeon Crawl Stone Soup version 0.27.1-34-g3ba077fa99 (webtiles) character file.

Game seed: 3123008892612174516

48905 zeram the Nimble (level 14, 0/68 HPs)
             Began as a Tengu Conjurer on Jan 6, 2022.
             Was the Champion of Dithmenos.
             Slain by a catoblepas (9 damage)
             ... while petrified by a catoblepas
             ... on level 5 of the Lair of Beasts.
             The game lasted 01:22:52 (27838 turns).

zeram the Nimble (Tengu Conjurer)                  Turns: 27838, Time: 01:22:53

Health: 0/68       AC: 11    Str:  9    XL:     14   Next: 48%
Magic:  26/31      EV:  2    Int: 26    God:    Dithmenos [******]
Gold:   688        SH:  0    Dex: 16    Spells: 6/38 levels left

rFire    . . .     SeeInvis .   f - +4 short sword (freeze)
rCold    . . .     Faith    .   D - +3 buckler
rNeg     + + +     Spirit   .   E - +1 steam dragon scales
rPois    ∞         Reflect  +   (helmet restricted)
rElec    .         Harm     .   F - +2 cloak {rCorr}
rCorr    +         Rampage  .   x - +1 pair of gloves {Dex+3}
Will     +....                  (boots unavailable)
Stlth    +++.......             r - amulet of Wiham {Reflect Int+4 SH+5}
HPRegen  0.21/turn              g - ring of resist corrosion
MPRegen  0.22/turn              a - +4 ring of evasion

@: petrified, flying quickly and evasively, wreathed by umbra, quick
A: beak, talons 3, nimble flight
a: Renounce Religion, Shadow Step, Shadow Form


You were on level 5 of the Lair of Beasts.
You worshipped Dithmenos.
Dithmenos was exalted by your worship.
You visited 3 branches of the dungeon, and saw 18 of its levels.
You also visited: Ossuary.

You collected 1461 gold pieces.
You spent 773 gold pieces at shops.

Inventory:

Hand Weapons
 f - a +4 short sword of freezing (weapon)
 o - a +1 short sword of freezing
Missiles
 h - 66 poisoned darts (quivered)
Armour
 b - a +0 troll leather armour
 x - a +1 pair of gloves of dexterity (worn)
 D - a +3 buckler (worn)
 E - +1 steam dragon scales (worn)
 F - a +2 cloak of preservation (worn)
Jewellery
 a - a +4 ring of evasion (right hand)
 g - a ring of resist corrosion (left hand)
 k - a +6 ring of dexterity
 q - an amulet of the acrobat
 r - the amulet of Wiham (around neck) {Reflect Int+4 SH+5}
   (You found it on level 11 of the Dungeon)

   [amulet of reflection]

   It reflects blocked missile attacks.
   Int:       It affects your intelligence (+4).
   SH:        It affects your SH (+5).
 s - a ring of wizardry
 t - an amulet of regeneration
 L - a ring of protection from fire
 P - a ring of magical power
Wands
 y - a wand of flame (3)
 B - a wand of iceblast (5)
 J - a wand of charming (3)
 K - a wand of paralysis (22)
 O - a wand of acid (20)
 Q - a wand of mindburst (14)
Scrolls
 v - a scroll of teleportation
 w - 2 scrolls of magic mapping
 z - 2 scrolls of silence
 A - 2 scrolls of fog
 G - 2 scrolls of amnesia
 H - 10 scrolls of identify
 N - 2 scrolls of fear
 R - a scroll of enchant weapon
Potions
 c - a potion of cancellation
 d - 4 potions of mutation
 e - 5 potions of brilliance
 i - 7 potions of curing
 j - 4 potions of lignification
 l - a potion of haste
 m - 2 potions of might
 n - a potion of berserk rage
 p - 10 potions of ambrosia
 u - 3 potions of resistance
 C - a potion of invisibility
 I - 2 potions of magic
 M - 2 potions of flight


   Skills:
 + Level 14.6 Dodging
 - Level 2.0 Stealth
 - Level 7.9 Shields
 + Level 12.7 Spellcasting
 - Level 14.0 Conjurations
 * Level 10.0 Summonings
 + Level 0.4 Necromancy
 * Level 1.9 Ice Magic


You had 6 spell levels left.
You knew the following spells:

 Your Spells              Type           Power      Damage    Failure   Level
a - Magic Dart            Conj           100%       1d8       0%          1
b - Searing Ray           Conj           100%       3d7       0%          2
c - Dazzling Flash        Conj/Hex       100%       N/A       1%          3
d - Iskenderun's Mystic   Conj/Tloc      52%        2d11      1%          4
e - Blink                 Tloc           N/A        N/A       5%          2
f - Summon Ice Beast      Ice/Summ       47%        N/A       3%          4
g - Vampiric Draining     Necr           9%         2d7       9%          3
h - Summon Hydra          Summ           31%        N/A       43%         7
i - Invisibility          Hex            8%         N/A       99%         6

Your spell library contained the following spells:

 Spells                   Type           Power      Damage    Failure   Level
 Call Canine Familiar     Summ           62%        N/A       1%          3
 Fulminant Prism          Conj/Hex       26%        3d14      1%          4
 Apportation              Tloc           32%        N/A       3%          1
 Sublimation of Blood     Necr           9%         N/A       4%          2
 Frozen Ramparts          Ice            52%        1d7       4%          3
 Slow                     Hex            16%        N/A       5%          2
 Wereblood                Tmut           16%        N/A       5%          2
 Irradiate                Conj/Tmut      26%        3d22      5%          5
 Confusing Touch          Hex            16%        N/A       11%         3
 Gell's Gravitas          Tloc           8%         N/A       11%         3
 Lesser Beckoning         Tloc           8%         N/A       11%         3
 Portal Projectile        Hex/Tloc       32%        N/A       11%         3
 Teleport Other           Tloc           16%        N/A       11%         3
 Ice Form                 Ice/Tmut       21%        N/A       24%         4
 Leda's Liquefaction      Hex/Erth       8%         N/A       34%         4
 Petrify                  Tmut/Erth      16%        N/A       34%         4
 Alistair's Intoxication  Tmut/Pois      10%        N/A       67%         5
 Lee's Rapid Deconstruct  Erth           8%         3d8*      67%         5
 Manifold Assault         Tloc           16%        N/A       67%         5


Dungeon Overview and Level Annotations

Branches:
Dungeon (12/15)            Temple (0/1) D:4            Lair (5/6) D:10
 Shoals (0/4) Lair:3        Snake (0/4) Lair:4          Orc (1/2) D:10
Ossuary (visited)
  Slime: Lair:5-6

Altars:
Ashenzari
Dithmenos
Okawaru
Uskayaw
Wu Jian
Yredelemnul

Shops:
D:5 ?   D:9 (


Innate Abilities, Weirdness & Mutations

You have a beak for a mouth.
You have claws for feet.
Your magical nature lets you fly swiftly and evasively.


Message History

The slime creature is engulfed in calcifying dust.
The catoblepas closely misses you.
Your limbs are stiffening.
Casting: Searing Ray (safe; 0% risk of failure)
Confirm with . or Enter, or press ? or * to list all spells.
Aiming: Searing Ray (safe; 0% risk of failure)
Press: ? - help, Shift-Dir - straight line, f/p - slime creature
Aim: a slime creature (calcifying dust, severely wounded, petrified, umbra, 100% to hit)
The searing ray hits the jelly!!
You kill the jelly!
Dithmenos accepts your kill.
The searing ray hits the slime creature!
The slime creature is severely wounded. (Press . to maintain the ray.)
Your shadow mimicks your spell!
The shadow bolt hits the slime creature!
You are engulfed in calcifying dust.
Your limbs have turned to stone.
The slime creature is no longer petrified.
The slime creature is engulfed in calcifying dust.
The slime creature is moving more slowly.
The catoblepas gores you!!
You emit a cloud of dark smoke.
You have turned to stone.
You are engulfed in calcifying dust.
The slime creature barely misses you.
The catoblepas gores you but does no damage.
The slime creature hits you.
You are engulfed in calcifying dust.
The slime creature hits you!
The catoblepas gores you but does no damage.
The slime creature completely misses you.
You are engulfed in calcifying dust.
The slime creature hits you but does no damage.
The catoblepas gores you but does no damage.
The slime creature hits you!
You are engulfed in calcifying dust.
The slime creature hits you. The catoblepas gores you!!
The slime creature hits you!
The slime creature stops moving altogether!
The slime creature hits you! The catoblepas gores you!!
* * * LOW HITPOINT WARNING * * *
The slime creature hits you.
* * * LOW HITPOINT WARNING * * *
The catoblepas gores you!!
You die...

#..........+..... .###..
##...P......#....##.#.#..
.#....#....#......P......
#........##.#....§......
##....#.###............
#...............§..#
#..........§§§§§§..#
##.##.##.P.§.§§J§§.##..
#######..####.@Y§......
#### ###J§......
####..P.P #####


You could see a catoblepas and 2 slime creatures.

Vanquished Creatures
  A minotaur (D:11)
  A boulder beetle (Lair:3)
  6 hydras
  Erica (D:7)
  2 catoblepae (Lair:4)
  4 two-headed ogres
  A deep elf pyromancer (D:12)
  3 ugly things
  2 manticores (D:11)
  2 cyclopes (D:11)
  11 elephants
  6 cane toads
  A black mamba (Lair:5)
  Maggie (D:10)
  2 gargoyles (D:11)
  2 molten gargoyles (Lair:3)
  An unseen horror (D:10)
  7 rime drakes (Lair:4)
  4 komodo dragons
  A yaktaur (D:11)
  4 trolls
  4 polar bears
  A queen bee (Lair:2)
  A merfolk (D:9)
  A meliai (D:11)
  5 slime creatures
  9 blink frogs
  Sigmund (D:2)
  A shadow (D:12)
  38 yaks
  6 wraiths
  4 vampires
  12 wyverns
  13 basilisks
  2 vampire mosquitoes (D:7)
  3 steam dragons
  Grum (D:8)
  An acid dragon (D:11)
  21 water moccasins
  3 black bears
  10 orc warriors
  3 ogres
  A sky beast (D:6)
  3 necrophages
  17 wolves
  4 centaurs
  12 bullfrogs
  2 gnoll sergeants
  A kobold brigand (D:9)
  3 scorpions
  A water moccasin zombie (D:6)
  A wyvern skeleton (D:7)
  10 wights
  27 killer bees
  A howler monkey (D:5)
  An electric eel (Lair:2)
  5 lava snakes (Lair:3)
  9 centaur zombies
  3 hounds
  4 jellies
  A bullfrog skeleton (D:4)
  8 orc priests
  5 iguanas
  2 centaur skeletons (D:6)
  Natasha (thrice) (D:4)
  11 orc wizards
  2 hell rats (Lair:4)
  A killer bee zombie (D:5)
  3 ogre zombies (Ossuary)
  3 hound skeletons (D:5)
  7 mummies (Ossuary)
  2 howler monkey zombies
  Robin (D:2)
  13 gnolls
  8 adders
  2 shadow imps
  12 white imps (Lair:1)
  2 adder zombies (Ossuary)
  An adder skeleton (D:5)
  A dart slug (D:4)
  39 orcs
  6 ball pythons
  5 bats
  6 endoplasms
  2 giant cockroaches
  14 goblins
  8 hobgoblins
  3 jackals (D:1)
  A quokka (D:1)
  7 frilled lizards
  A gnoll zombie (Ossuary)
  9 goblin zombies
  5 hobgoblin zombies (Ossuary)
  13 kobolds
  4 kobold zombies (Ossuary)
  2 quokka zombies (Ossuary)
  4 rats
  4 rat zombies
529 creatures vanquished.

Vanquished Creatures (collateral kills)
  A warg (D:10)
1 creature vanquished.

Vanquished Creatures (others)
  31 fungi
  54 plants
85 creatures vanquished.

Grand Total: 615 creatures vanquished

Notes
Turn   | Place    | Note
-------+----------+-------------------------------------------
     0 | D:1      | zeram the Tengu Conjurer began the quest for the Orb.
     0 | D:1      | Reached XP level 1. HP: 10/10 MP: 4/4
   148 | D:1      | Reached XP level 2. HP: 5/15 MP: 0/6
   355 | D:1      | Learned a level 2 spell: Searing Ray
  1202 | D:2      | Reached XP level 3. HP: 19/19 MP: 5/7
  1315 | D:2      | Noticed Sigmund
  1321 | D:2      | Killed Sigmund
  1322 | D:2      | Reached XP level 4. HP: 12/24 MP: 1/9
  1322 | D:2      | Gained mutation: Your magical nature lets you fly swiftly
                  | and evasively. [Tengu growth]
  1322 | D:2      | Reached XP level 5. HP: 15/28 MP: 1/10
  1498 | D:2      | Noticed Robin
  1622 | D:2      | Killed Robin
  1750 | D:2      | Reached XP level 6. HP: 32/32 MP: 5/11
  2556 | D:3      | Learned a level 3 spell: Dazzling Flash
  2940 | D:3      | Reached XP level 7. HP: 32/36 MP: 4/13
  3038 | D:3      | Found an ornate altar of the Wu Jian Council.
  3083 | D:3      | Found an iron altar of Okawaru.
  3102 | D:3      | Found a basalt altar of Yredelemnul.
  3122 | D:3      | Found a shadowy altar of Dithmenos.
  3127 | D:3      | Became a worshipper of Dithmenos the Shadowed
  3174 | D:4      | Found a sand-covered staircase.
  3182 | Ossuary  | Entered an ossuary
  3222 | Ossuary  | Learned a level 4 spell: Iskenderun's Mystic Blast
  4017 | Ossuary  | Reached * piety under Dithmenos
  4417 | D:4      | Reached skill level 10 in Conjurations
  4522 | D:4      | Noticed Natasha
  4530 | D:4      | Killed Natasha
  4655 | D:4      | Noticed Natasha
  4657 | D:4      | Reached skill level 5 in Spellcasting
  4657 | D:4      | Reached XP level 8. HP: 37/41 MP: 9/16
  4659 | D:4      | Killed Natasha
  4775 | D:4      | Found a staircase to the Ecumenical Temple.
  4802 | D:4      | Noticed Natasha
  4810 | D:4      | Killed Natasha
  5390 | D:5      | Entered Level 5 of the Dungeon
  5590 | D:5      | Reached ** piety under Dithmenos
  5867 | D:5      | Reached skill level 1 in Shields
  5870 | D:5      | Reached XP level 9. HP: 45/45 MP: 11/19
  6538 | D:5      | Found Widit's Magic Scroll Boutique.
  6584 | D:5      | Bought a scroll of magic mapping for 45 gold pieces
  7448 | D:6      | Reached *** piety under Dithmenos
  7874 | D:6      | Reached skill level 5 in Dodging
  8767 | D:7      | Reached XP level 10. HP: 25/50 MP: 17/22
  9741 | D:8      | Noticed Erica
  9747 | D:8      | Noticed Grum
  9764 | D:7      | Killed Erica
  9765 | D:7      | Reached skill level 5 in Shields
  9904 | D:8      | Killed Grum
 10337 | D:9      | Noticed a two-headed ogre
 10343 | D:9      | Killed a two-headed ogre
 10856 | D:9      | Reached XP level 11. HP: 54/54 MP: 6/24
 10857 | D:9      | Reached **** piety under Dithmenos
 11579 | D:9      | Found Dycurofe's Weapon Emporium.
 11852 | D:10     | Entered Level 10 of the Dungeon
 12171 | D:10     | Identified a scroll of acquirement
 12172 | D:10     | Acquired a +4 ring of evasion
 12239 | D:10     | Found a staircase to the Lair.
 12462 | D:10     | Noticed Maggie
 12480 | D:10     | Killed Maggie
 12534 | D:10     | Learned a level 2 spell: Blink
 12539 | D:10     | Learned a level 4 spell: Summon Ice Beast
 12998 | D:10     | Reached skill level 1 in Summonings
 13182 | D:10     | Reached skill level 10 in Spellcasting
 13320 | D:10     | Found a staircase to the Orcish Mines.
 13518 | D:10     | Reached ***** piety under Dithmenos
 13708 | D:11     | Noticed a brown ugly thing
 13728 | D:10     | Killed a brown ugly thing
 13927 | D:11     | Found a hide-covered altar of Uskayaw.
 13941 | D:11     | Noticed a cyan ugly thing
 13941 | D:11     | Noticed a two-headed ogre
 13944 | D:11     | Identified the amulet of Wiham {Reflect Int+4 SH+5}
 13945 | D:11     | Noticed a brown ugly thing
 13979 | D:11     | Noticed a cyclops
 14286 | D:11     | Reached XP level 12. HP: 11/59 MP: 24/27
 15113 | D:12     | Found a broken altar of Ashenzari.
 15115 | D:12     | Noticed a two-headed ogre
 15124 | D:12     | Killed a two-headed ogre
 15523 | D:12     | Noticed a death knight
 15532 | D:12     | Noticed a tengu warrior
 15547 | D:11     | Learned a level 3 spell: Vampiric Draining
 15555 | D:11     | Learned a level 7 spell: Summon Hydra
 15709 | D:11     | Reached skill level 10 in Dodging
 15712 | D:11     | Reached skill level 5 in Summonings
 16364 | D:11     | Noticed a two-headed ogre
 16808 | D:11     | Killed a two-headed ogre
 16968 | D:10     | Killed a two-headed ogre
 17189 | D:11     | Noticed a six-headed hydra
 17197 | D:11     | Killed a six-headed hydra
 17344 | D:11     | Noticed a boulder beetle
 17350 | D:11     | Noticed a minotaur
 17350 | D:11     | a boulder beetle changed into a minotaur
 17582 | D:11     | Killed a minotaur
 17583 | D:11     | Reached XP level 13. HP: 31/63 MP: 19/29
 18210 | D:5      | Bought a scroll of acquirement for 676 gold pieces
 18210 | D:5      | Bought a scroll of identify for 26 gold pieces
 18210 | D:5      | Bought a scroll of identify for 26 gold pieces
 18402 | Orc:1    | Entered Level 1 of the Orcish Mines
 18402 | Orc:1    | Noticed an orc warlord
 18405 | D:10     | Acquired a +1 pair of gloves of dexterity
 18743 | Lair:1   | Entered Level 1 of the Lair of Beasts
 20410 | Lair:2   | Learned a level 6 spell: Invisibility
 22707 | Lair:3   | Found a staircase to the Shoals.
 22927 | Lair:3   | Reached ****** piety under Dithmenos
 24171 | Lair:4   | Found a staircase to the Snake Pit.
 24637 | Lair:4   | Reached XP level 14. HP: 68/68 MP: 27/31
 26105 | Lair:4   | Reached skill level 1 in Ice Magic
 27373 | Lair:5   | Reached skill level 10 in Summonings
 27838 | Lair:5   | Slain by a catoblepas

Illustrated notes

Levels and vault maps discovered:
D:1:      kennysheep_arrival_seaside, layout_loops_ring, serial_bayou_pond_d
D:2:      layout_basic, chequers_avenue, uniq_sigmund, uniq_robin
D:3:      layout_basic, grunt_temple_overflow_cloverleaf,
          kennysheep_generic_room_14
D:4:      layout_rooms, temple_fountains, enter_ossuary_4, uniq_natasha
D:5:      layout_basic, serial_aquarium, aquarium_bridge_square
          [aquarium_subvault_bridge, aquarium_subvault_wall,
          aquarium_subvault_bridge, aquarium_subvault_balcony],
          aquarium_window_fake, aquarium_window_corner, aquarium_window_corner,
          aquarium_view_2g, aquarium_view_2e, nicolae_inconvenience_store,
          minmay_pentangle
D:6:      layout_gridville, solitary_fountain, feat_on_display
D:7:      layout_basic, kennysheep_generic_room_8
D:8:      layout_rooms, uniq_erica, uniq_grum
D:9:      layout_basic, serial_shops, shop_statue, minmay_misc_feat_cross,
          hangedman_fish_farm
D:10:     layout_basic, minmay_lair_entry_grove, david_orc_4, uniq_maggie
D:11:     hangedman_cross_cluster, layout_long_grid
D:12:     layout_basic, ebering_dispersal_statue_hall, evilmike_ruin_ashenzari
Lair:1:   layout_roguey, portal_ice_cave_entry_imps, serial_bayou_shore_b
Lair:2:   layout_roguey [special_room_bee], gauntlet_entry_generic,
          nicolae_quartered_pool_super, grunt_megastairs_4
Lair:3:   cheibrodos_magma_flow, layout_layer_cave, elwin_shoals_entry_rocks
Lair:4:   layout_roguey [special_room_mythical_zoo], dummy_snake_entry,
          grunt_megastairs_3, serial_bayou_shore_b, serial_bayou_shore_a
Lair:5:   minmay_guarded_unrand_snakebite, layout_regular_city,
          minmay_slime_entry_pillars
Orc:1:    layout_caves, minmay_orc_temple_a, uniq_fannar

Skill      XL: |  1  2  3  4  5  6  7  8  9 10 11 12 13 14 |
---------------+-------------------------------------------+-----
Conjurations   | 6 8 9 10 11 12 13 14 | 14.0
Spellcasting   | 3 5 6 7 8 10 11 12 | 12.7
Dodging        | 3 4 5 6 8 11 13 14 | 14.6
Shields        | 1 4 6 7 |  7.9
Summonings     | 3 6 9 10 | 10.0
Ice Magic      | 1 |  1.9
Stealth        | |  2.0
Necromancy     | |  0.4

Action                   |  1- 3 |  4- 6 |  7- 9 | 10-12 | 13-15 || total
-------------------------+-------+-------+-------+-------+-------++-------
Melee: Unarmed           |     8 |       |       |       |       ||     8
       Peck              |     2 |     2 |     6 |    23 |    43 ||    76
       Short sword       |     3 |    18 |    59 |   117 |   247 ||   444
       Kick              |     2 |     4 |     8 |    22 |    52 ||    88
 Cast: Magic Dart        |    31 |    35 |    40 |    28 |    66 ||   200
       Searing Ray       |     3 |    17 |    89 |   147 |   173 ||   429
       Dazzling Flash    |       |     1 |       |     1 |       ||     2
       Blink             |       |       |       |     2 |       ||     2
       Vampiric Draining |       |       |       |       |     1 ||     1
Evoke: Wand              |       |       |       |    18 |     9 ||    27
  Use: Scroll            |     2 |     3 |    15 |    20 |     9 ||    49
       Potion            |       |       |       |     9 |     2 ||    11
 Stab: Sleeping          |     2 |       |     7 |     2 |     7 ||    18
       Invisible         |       |     1 |       |       |       ||     1
       Paralysed         |       |       |       |       |    14 ||    14
Armor: Robe              |     2 |     6 |    12 |       |       ||    20
       Steam dragon scal |       |       |       |    46 |    90 ||   136
Dodge: Dodged            |     7 |    23 |    90 |   440 |   524 ||  1084
Block: Buckler           |       |       |    34 |   168 |   476 ||   678
       Reflection        |       |       |       |       |     4 ||     4
